 Dungeon Crawl Stone Soup version 0.29.1-15-g9cfb28693d (webtiles) character file.

Game seed: 5617035617677708248

53 Heoruswealwe the Magician (level 3, -6/19 HPs)
             Began as a Deep Elf Earth Elementalist on Apr 4, 2023.
             Was a Believer of Cheibriados.
             Mangled by Sigmund
             ... wielding a +0 scythe
              (10 damage)
             ... on level 2 of the Dungeon.
             The game lasted 00:08:15 (634 turns).

Heoruswealwe the Magician (DEEE)                     Turns: 634, Time: 00:08:18

Health: -6/19      AC:  2    Str: 10    XL:     3   Next: 64%
Magic:  2/10       EV: 13    Int: 26    God:    Cheibriados [**....]
Gold:   40         SH:  0    Dex: 20    Spells: 4/10 levels left

rFire   . . .      SeeInvis .   (no weapon)
rCold   . . .      Faith    .   (no shield)
rNeg    . . .      Spirit   .   a - +0 robe
rPois   .          Reflect  .   (no helmet)
rElec   .          Harm     .   (no cloak)
rCorr   .          Rampage  .   (no gloves)
Will    .....                   (no boots)
Stlth   ++........              (no amulet)
HPRegen 0.06/turn               (no ring)
MPRegen 0.12/turn               (no ring)

@: very slow
A: no striking features
a: Renounce Religion, Bend Time


You were on level 2 of the Dungeon.
You worshipped Cheibriados.
Cheibriados was pleased with you.
You visited 1 branch of the dungeon, and saw 2 of its levels.

You collected 40 gold pieces.

Inventory:

Armour
 a - a +0 robe (worn)
Scrolls
 d - a scroll of fear {unknown}
 f - a scroll of brand weapon {unknown}
 g - 2 scrolls of identify {unknown}
Potions
 c - 2 potions of haste {unknown}
 e - 2 potions of attraction {unknown}
 h - a potion of flight {unknown}


   Skills:
 - Level 2.4 Dodging
 - Level 2.4 Stealth
 + Level 4.4 Spellcasting
 - Level 1.1 Transmutations
 + Level 4.3 Earth Magic


You had 4 spell levels left.
You knew the following spells:

 Your Spells              Type           Power      Damage    Failure   Level
a - Sandblast             Erth           56%        2d13      1%          1
b - Stone Arrow           Conj/Erth      34%        3d9       10%         3
z - Passwall              Tmut/Erth      15%        N/A       4%          2

Your spell library contained the following spells:

 Spells                   Type           Power      Damage    Failure   Level
 Petrify                  Tmut/Erth      19%        N/A       26%         4
 Fireball                 Conj/Fire      2%         3d4       92%         5
 Iskenderun's Battlesphe  Conj           5%         2d6       92%         5
 Conjure Ball Lightning   Conj/Air       2%         3x3d6     100%        6
 Orb of Destruction       Conj           2%         9d5       100%        7


Dungeon Overview and Level Annotations

Branches:
Dungeon (2/15)

Altars:
Cheibriados

Annotations:
D:2 Sigmund


Message History

The blast of sand hits the adder!
You kill the adder!
Cheibriados thoroughly appreciates the change of pace.
The blast of sand hits the kobold!!
You kill the kobold!
Cheibriados appreciates the change of pace.
The blast of sand hits the rat!
You kill the rat!
Cheibriados appreciates the change of pace.
The hobgoblin shouts!
You can't see any susceptible monsters within range! (Use Z to cast anyway.)
The blast of sand hits the hobgoblin!
You kill the hobgoblin!
Cheibriados appreciates the change of pace.
Things that are here:
a +0 club; a kobold corpse Sigmund shouts!
The blast of sand hits Sigmund!
Sigmund is moderately wounded.
Sigmund casts a spell at you. You resist with some effort.
The blast of sand hits Sigmund!
Sigmund is severely wounded.
Sigmund casts a spell.
Sigmund flickers and vanishes!
Deactivating autopickup; reactivate with Ctrl-A.
You are confused.
You're too confused to cast spells.
A magic dart appears from out of thin air!
The magic dart hits you!
A magic dart appears from out of thin air!
The magic dart hits you!
* * * LOW HITPOINT WARNING * * *
Found a stone staircase leading up.
You feel less confused.
You hear some strange, mumbled words.
A puff of flame appears from out of thin air!
The puff of flame misses you. Something hits you!
Ouch! That really hurt!
You die...

#.........#.##...
#.........#.#...#
#...........#.#.#
#.......[..##.#.#
#...........#.#.# #
#.............#.##.##.
###...#.....).........
#..##.#...!..{......
#...#.##).).@.......
#.#.#.†#.#.#........
#.#.##.#†#.##.......
.... .#.... .......
(.............
.............
......?....... .<.....


There were no monsters in sight!

Vanquished Creatures
  An adder (D:2)
  A dart slug (D:1)
  An endoplasm (D:1)
  A giant cockroach (D:1)
  4 goblins
  4 hobgoblins
  5 jackals (D:1)
  5 kobolds
  3 quokkas (D:1)
  4 ball pythons
  4 bats (D:1)
  2 frilled lizards (D:1)
  4 rats
39 creatures vanquished.

Vanquished Creatures (others)
  5 fungi (D:1)
  3 plants (D:1)
8 creatures vanquished.

Grand Total: 47 creatures vanquished

Notes
Turn   | Place    | Note
-------+----------+-------------------------------------------
     0 | D:1      | Heoruswealwe the Deep Elf Earth Elementalist began the
                  | quest for the Orb.
     0 | D:1      | Reached XP level 1. HP: 10/10 MP: 6/6
   101 | D:1      | Found a faded altar of an unknown god.
   113 | D:1      | Prayed at the altar of an unknown god.
   113 | D:1      | Became a worshipper of Cheibriados the Contemplative
   113 | D:1      | Reached * piety under Cheibriados
   210 | D:1      | Reached XP level 2. HP: 14/15 MP: 4/8
   223 | D:1      | Learned a level 2 spell: Passwall
   302 | D:1      | Reached ** piety under Cheibriados
   320 | D:1      | Reached XP level 3. HP: 8/19 MP: 7/10
   391 | D:1      | Learned a level 3 spell: Stone Arrow
   591 | D:1      | You fall into a shaft and drop 1 floor!
   617 | D:2      | Noticed Sigmund
   634 | D:2      | Mangled by Sigmund

Illustrated notes

Levels and vault maps discovered:
D:1:      zaba_arrival_water, layout_rooms, shapermc_ecumenical_altar_acropolis
D:2:      layout_rooms, minmay_goblin_outpost, uniq_sigmund, uniq_jessica

Skill      XL: |  1  2 |
---------------+-------+-----
Spellcasting   | 4 |  4.4
Earth Magic    | 4 |  4.3
Dodging        | |  2.4
Stealth        | |  2.4
Transmutations | |  1.1

Action                   || total
-------------------------++-------
Melee: Unarmed           ||    48
 Cast: Sandblast         ||    52
  Use: Potion            ||     1
Armor: Robe              ||     2
Dodge: Dodged            ||    31
